 Dungeon Crawl Stone Soup version 0.31-a0-1376-g36f0627844 (webtiles) character file.

Game seed: 7816813040121570656

848 iamserjio the Trooper (level 8, -1/57 HPs)
             Began as an Octopode Wanderer on Dec 24, 2023.
             Was an Initiate of Ru.
             Slain by a sleepcap (21 damage)
             ... on level 6 of the Dungeon.
             The game lasted 00:16:27 (5280 turns).

iamserjio the Trooper (Octopode Wanderer)           Turns: 5280, Time: 00:16:28

Health: -1/57      AC:  2    Str:  9    XL:     8   Next: 1%
Magic:  9/9        EV:  2    Int: 13    God:    Ru [......]
Gold:   9          SH:  0    Dex: 20    Spells: 7/9 levels left

rFire   + . .        M - +2 dagger (venom)
rCold   + . .        e - +2 buckler
rNeg    . . .        A - +1 hat of Xom's Generosity {Rampage rCorr Int+3 Stlth-}
rPois   .            y - amulet of the acrobat
rElec   .            x - ring of protection from cold
rCorr   +            u - ring of protection from fire
SInv    .            (no ring)
Will    .....        (no ring)
Stlth   +++          (no ring)
HPRegen 0.29/turn    (no ring)
MPRegen 0.11/turn    (no ring)
                     (no ring)

%: acrobat, rampage
@: sleeping
A: almost no armour, amphibious, 8 rings, camouflage 1, gelatinous body 1,
(nimble swimmer 1), tentacles
a: Renounce Religion


You were on level 6 of the Dungeon.
You worshipped Ru.
Ru was noncommittal.
You visited 2 branches of the dungeon, and saw 7 of its levels.

You collected 236 gold pieces.
You spent 227 gold pieces at shops.

Inventory:

Hand Weapons
 m - a +1 short sword of speed
 s - a +1 mace of protection
 v - a +0 war axe of venom
 G - a +0 long sword
 I - a +1 whip of venom
 M - a +2 dagger of venom (weapon)
Missiles
 h - 4 darts of dispersal
 F - 3 poisoned darts (quivered)
 J - 3 boomerangs
Armour
 c - a +0 hat
 e - a +2 buckler (worn)
 z - a +0 kite shield
 A - the +1 hat of Xom's Generosity (worn) {Rampage rCorr Int+3 Stlth-}
   (You acquired it on level 5 of the Dungeon)

   Int+3:     It affects your intelligence (+3).
   rCorr:     It protects you from acid and corrosion.
   Rampage:   It bestows one free step when moving towards enemies.
   Stlth-:    It makes you less stealthy.
Jewellery
 a - a ring of ice
 u - a ring of protection from fire (right tentacle)
 x - a ring of protection from cold (left tentacle)
 y - an amulet of the acrobat (around mantle)
Wands
 N - a wand of polymorph (11)
Scrolls
 d - 4 scrolls of fear
 g - 3 scrolls of immolation
 i - 4 scrolls of teleportation {@r3}
 l - 3 scrolls of blinking {@r4}
 n - 2 scrolls of noise
 q - 3 scrolls of amnesia {unknown}
 t - 3 scrolls of revelation {unknown}
 C - a scroll of enchant armour {unknown}
 L - a scroll of fog
Potions
 b - 4 potions of curing {@q1}
 f - 2 potions of haste {unknown}
 k - a potion of heal wounds {@q2}
 o - a potion of might {unknown}
 r - a potion of lignification
 B - 2 potions of brilliance {unknown}
 D - 2 potions of attraction {unknown}
 E - 2 potions of enlightenment {unknown}


   Skills:
 - Level 6.0 Fighting
 * Level 4.5 Long Blades
 - Level 1.0 Throwing
 - Level 4.1 Dodging
 - Level 2.8 Stealth
 - Level 3.0 Shields
 - Level 1.0 Spellcasting
 - Level 1.1 Evocations


You had 7 spell levels left.
You knew the following spells:

 Your Spells              Type           Power      Damage    Failure   Level
a - Ensorcelled Hibernat  Hex/Ice        0%         N/A       52%         2

Your spell library contained the following spells:

 Spells                   Type           Power      Damage    Failure   Level
 Fugue of the Fallen      Necr           0%         N/A       77%         3
 Anguish                  Hex/Necr       0%         N/A       99%         4


Dungeon Overview and Level Annotations

Branches:
Dungeon (6/15)             Temple (1/1) D:4

Altars:
Cheibriados
Dithmenos
Elyvilon
Fedhas
Gozag
Kikubaaqudgha
Nemelex Xobeh
Qazlal
Ru
Sif Muna
Trog
Uskayaw
Vehumet
Xom
Yredelemnul
Zin
The Shining One

Shops:
D:2 ?   D:5 :   D:6 [

Annotations:
D:5 exclusion: ogre


Innate Abilities, Weirdness & Mutations

You cannot wear most types of armour.
You are amphibious.
You can wear up to eight rings at the same time.
Your skin changes colour to match your surroundings (Stealth+).
Your rubbery body absorbs attacks. (AC +1, EV +1)
((You are camouflaged when in or above water. (Stealth+)))
You have tentacles for arms and can constrict up to eight enemies at once.


Message History

Aim: a kobold brigand, wielding a +0 whip and quivering poisoned darts (asleep, 98% to hit)
You throw a poisoned dart.
The poisoned dart hits the kobold brigand.
The kobold brigand shouts!
You hear a shout!
A kobold comes into view. It is wielding a +0 short sword.
The kobold brigand throws a poisoned dart.
You block the poisoned dart.
The kobold throws a stone.
The stone completely misses you.
You start waiting.
A kobold is nearby!
You start waiting.
A kobold is nearby!
You hit the kobold but do no damage.
The kobold is poisoned.
You grab the kobold. You tentacle-slap the kobold. You constrict the kobold.
You block the kobold's attack.
You hit the kobold.
You kill the kobold!
No target in view!
Things that are here:
a +0 short sword; 2 stones; a kobold corpse You start waiting.
An orc priest is nearby!
Things that are here:
+0 steam dragon scales; a steam dragon corpse The sleepcap releases spores at you.
You are engulfed in a cloud of soporific spores!
You fall asleep.
The orc priest invokes the aid of Beogh against you.
Beogh smites you!
You wake up.
The sleepcap releases spores at you.
The orc shouts!
The orc priest mumbles some strange prayers to Beogh against you.
Beogh smites you!
There is a stone staircase leading down here.
The sleepcap releases spores at you.
You are engulfed in a cloud of soporific spores!
You fall asleep.
You stop descending the stairs.
The sleepcap releases spores at you!!
You die...

#..........#.....###...#
...###.......#....##...####
...######....##o(.†.......#
#....##.#)[......>........#
................##........#
...............o##.........#
#.#............o.#.....#...#
..#........#....f......#####
#.....#...##....@#...###
#.....###.###.#####.##
####### ### ### ## #


You could see a sleepcap, an orc priest, an orc wizard (wandering) and an orc.

Vanquished Creatures
  A steam dragon (D:6)
  A black bear (D:5)
  A bullfrog (D:6)
  A scorpion (D:5)
  A bombardier beetle (D:5)
  A jelly (D:6)
  A gnoll bouda (D:5)
  2 hounds
  Jessica (D:2)
  2 iguanas
  An orc wizard (D:6)
  9 gnolls
  2 adders
  2 white imps (D:6)
  2 worms
  4 dart slugs
  11 orcs
  10 ball pythons
  6 bats
  7 endoplasms
  A giant cockroach (D:1)
  8 goblins
  8 hobgoblins
  12 jackals
  4 quokkas
  2 frilled lizards
  7 kobolds
  5 rats
113 creatures vanquished.

Notes
Turn   | Place    | Note
-------+----------+-------------------------------------------
     0 | D:1      | iamserjio the Octopode Wanderer began the quest for the
                  | Orb.
     0 | D:1      | iamserjio set off with the following items: a +0 dagger, a
                  | potion of curing {@q1}, a +0 hat, a scroll of fear, a +2
                  | buckler.
     0 | D:1      | Reached XP level 1. HP: 13/13 MP: 2/2
   213 | D:1      | Reached XP level 2. HP: 13/19 MP: 3/3
   335 | D:1      | Reached skill level 2 in Fighting
   637 | D:1      | Reached XP level 3. HP: 25/25 MP: 4/4
  1165 | D:1      | Learned a level 2 spell: Ensorcelled Hibernation
  1182 | D:2      | Found Zusyir's Magic Scroll Shop.
  1207 | D:2      | Noticed Jessica
  1294 | D:2      | Reached skill level 3 in Fighting
  1299 | D:2      | Reached XP level 4. HP: 29/31 MP: 5/5
  1327 | D:2      | Killed Jessica
  1346 | D:2      | Bought a scroll of noise for 13 gold pieces
  1805 | D:2      | Bought a scroll of teleportation for 39 gold pieces
  1805 | D:2      | Bought a scroll of identify for 26 gold pieces
  1884 | D:3      | Found a faded altar of an unknown god.
  2243 | D:4      | Reached skill level 4 in Fighting
  2243 | D:4      | Reached XP level 5. HP: 37/37 MP: 6/6
  2518 | D:4      | Found a basalt altar of Yredelemnul.
  2770 | D:4      | Found a staircase to the Ecumenical Temple.
  2846 | Temple   | Entered the Ecumenical Temple
  2880 | Temple   | Became a worshipper of Ru the Awakened
  3165 | D:5      | Entered Level 5 of the Dungeon
  3165 | D:5      | Found Sered's Book Shoppe.
  3178 | D:5      | Reached XP level 6. HP: 27/45 MP: 7/7
  3320 | D:5      | Reached skill level 5 in Fighting
  3750 | D:5      | Identified a scroll of acquirement
  3751 | D:5      | Acquired the +1 hat of Xom's Generosity {Rampage rCorr
                  | Int+3 Stlth-}
  4253 | D:6      | Noticed a steam dragon
  4395 | D:6      | Noticed a black bear
  4409 | D:5      | Killed a black bear
  4410 | D:5      | Reached XP level 7. HP: 33/51 MP: 8/8
  4561 | D:2      | Bought a scroll of blinking for 97 gold pieces
  4561 | D:2      | Bought a scroll of fog for 52 gold pieces
  4768 | D:6      | Reached skill level 6 in Fighting
  4768 | D:6      | Reached skill level 1 in Long Blades
  4770 | D:6      | Found Peowora's Armour Emporium.
  5040 | D:6      | Found a stormy altar of Qazlal.
  5061 | D:6      | Found a snail-covered altar of Cheibriados.
  5125 | D:6      | Killed a steam dragon
  5179 | D:6      | Reached XP level 8. HP: 56/57 MP: 9/9
  5280 | D:6      | Slain by a sleepcap

Illustrated notes

Levels and vault maps discovered:
D:1:      matt_arrival_grand_opening, layout_loops_corners
D:2:      layout_rooms, serial_shops, shop, uniq_jessica
D:3:      layout_rooms, ebering_ecumenical_altar_webs
D:4:      layout_rooms, lemuel_crystal_altar, minmay_temple_entry_poolview,
          minivault_23
D:5:      layout_cave_pods, serial_shops, nicolae_shop_statue_plus
D:6:      cheibrodos_fertilizer, layout_cave_pools,
          mainiacjoe_overflow_two_lobes, serial_shops, shop,
          portal_sewer_entry_b, kennysheep_decorative_pillar
Temple:   compressed_dpeg_circular_temple

Skill      XL: |  1  2  3  4  5  6  7 |
---------------+----------------------+-----
Stealth        | 2 |  2.8
Fighting       | 2 3 4 5 6 |  6.0
Dodging        | 3 4 |  4.1
Long Blades    | 4 |  4.5
Throwing       | |  1.0
Shields        | |  3.0
Spellcasting   | |  1.0
Evocations     | |  1.1

Action                     |  1- 3 |  4- 6 |  7- 9 || total
---------------------------+-------+-------+-------++-------
  Melee: Dagger            |    41 |       |    38 ||    79
         Constrict         |    19 |    34 |    13 ||    66
         Tentacles         |    12 |    34 |     8 ||    54
         Short sword       |    31 |   134 |    16 ||   181
         Punch             |       |     3 |     1 ||     4
  Throw: Dart              |     1 |    15 |     1 ||    17
         Stone             |       |     2 |       ||     2
 Invoke: Reject Sacrifices |       |       |     1 ||     1
    Use: Scroll            |       |     6 |       ||     6
         Potion            |       |       |     3 ||     3
   Stab: Sleeping          |    13 |    12 |     1 ||    26
         Distracted        |       |     1 |       ||     1
 Armour: Skin              |    20 |    22 |    29 ||    71
  Dodge: Dodged            |    29 |    55 |    37 ||   121
  Block: Buckler           |    20 |    38 |    14 ||    72

Table legend: (Time is in decaauts)
 A = Elapsed time spent in this place.
 B = Non-inter-level travel time spent in this place.
 C = Inter-level travel time spent in this place.
 D = Time resting spent in this place.
 E = Time spent auto-exploring this place.
 F = Levels seen in this place.
 G = Mean time per level.
                   A        B        C        D        E       F      G
               +--------+--------+--------+--------+--------+-----+--------+
         Total |   5253 |   4655 |    598 |    826 |   2341 |   7 |  750.4 |
       Dungeon |   5184 |   4652 |    532 |    826 |   2341 |   6 |  864.0 |
        Temple |     68 |      2 |     66 |      0 |      0 |   1 |   68.0 |
               +--------+--------+--------+--------+--------+-----+--------+

Top non-repeatable levels by time:
     D:5: 1529 daAuts
     D:1: 1169 daAuts
     D:4: 820 daAuts
     D:2: 594 daAuts
     D:3: 584 daAuts
     D:6: 485 daAuts
  Temple: 68 daAuts
